 Dungeon Crawl Stone Soup version 0.18-a0-844-g9229740 (webtiles) character file.

296 Proton the Insei (level 6, -2/32 HPs)
             Began as a Vine Stalker Monk on Dec 19, 2015.
             Slain by a goblin
             ... wielding a +0 dagger of electrocution
             ... led by Robin
              (6 damage)
             ... on level 3 of the Dungeon.
             The game lasted 00:04:05 (2604 turns).

Proton the Insei (Vine Stalker Monk)                Turns: 2604, Time: 00:04:05

Health: -2/32      AC:  5    Str: 15    XL:     6   Next: 35%
Magic:  0/7        EV: 12    Int: 10    God:
Gold:   135        SH:  0    Dex: 17    Spells: 0 memorised, 5 levels left

rFire  . . .     SeeInvis .       - Unarmed
rCold  . . .     Gourm    .     c - +0 ring mail
rNeg   . . .     Faith    .     (no shield)
rPois  .         Spirit   +     (no helmet)
rElec  .         Dismiss  .     (no cloak)
rCorr  .         Reflect  .     (no gloves)
SustAt .         Harm     .     (no boots)
MR     .....                    (no amulet)
Stlth  ++........               (no ring)
                                l - ring of wizardry

@: lethally poisoned (-2 -> -11), not resistant to hostile enchantments,
unstealthy
A: fangs 2, regeneration 2, magic shield, antimagic bite, no device heal 3, rot
immunity
a: no special abilities


You were on level 3 of the Dungeon.
You were not hungry.

You visited 1 branch of the dungeon, and saw 4 of its levels.

You collected 135 gold pieces.

Inventory:

Armour
 c - a +0 ring mail (worn)
Jewellery
 l - a ring of wizardry (left hand)
 n - a +3 ring of intelligence {unknown}
Scrolls
 a - a scroll of identify {unknown}
 i - a scroll of teleportation {unknown}
 j - a scroll of recharging {unknown}
 m - a scroll of amnesia {unknown}
Potions
 d - a potion of lignification {unknown}
 e - 2 potions of heal wounds {unknown}
 f - a potion of curing {unknown}
 h - a potion of cure mutation {unknown}
 k - 2 potions of brilliance {unknown}
Comestibles
 b - 3 bread rations
 g - 2 fruits


   Skills:
 + Level 3.6 Fighting
 + Level 2.0 Armour
 + Level 3.3 Dodging
 - Level 2.4 Stealth
 * Level 5.6 Unarmed Combat


You had 5 spell levels left.
You didn't know any spells.

Dungeon Overview and Level Annotations

Branches:
Dungeon (4/15)
 Temple: D:4-7

Altars:

Annotations:
D:3 Proton's ghost, amateur VSMo
D:4 Proton's ghost, amateur VSMo


Innate Abilities, Weirdness & Mutations

You have extremely sharp teeth.
You heal very quickly.
When hurt, damage is shared between your health and your magic reserves.
Your bite disrupts and absorbs the magic of your enemies.
Potions and wands cannot restore your health.
You are immune to rotting.


Message History

The goblins go into a battle-frenzy!
Robin barely misses you.
The goblin shouts!
You hit Robin. Your bite misses Robin.
Robin is moderately wounded.
You feel sick.
You hear a shout!
The goblin hits you with a dagger of electrocution.
You are electrocuted!
* * * LOW HITPOINT WARNING * * *
Robin closely misses you.
You hit Robin. You bite Robin. You drain her power.
You feel invigorated.
Robin is almost dead.
* * * LOW HITPOINT WARNING * * *
You feel sick. Robin hits you but does no damage.
You punch Robin!
You kill Robin!
* * * LOW HITPOINT WARNING * * *
You feel sick. The goblin hits you but does no damage.
You are electrocuted!
You die...

#.# ##### #... ..#.. ##
#.#.##.#.. ######## ..#
#.#..#.#.# #......# #.# #.#
...#.# #.###.##.# #.#
#.#.##.#.. #.#
#.##.###########.###.#.......
#.#
#.##.#......ggg.g..#.#####...
#.#
#.##.#......@)g#.#.#.....'...
#.#
#.##.#..#####.#.g..g.#####...
#.# #.##.#..#####.#..#.#.#
#### #.#
#.##.#........#..#.#.#
#.###.##.##.......#..#.#.#
....#................#.#.#
..#.####.#########.#.#.#.#
.........##>..............
..#.............##.###.#..


You could see 3 hobgoblins and 4 goblins.

Vanquished Creatures
  An ogre (D:4)
  Natasha (thrice) (D:3)
  Robin (D:3)
  4 adders
  5 gnolls
  4 worms
  A giant gecko (D:2)
  A ball python (D:4)
  13 bats
  3 giant cockroaches (D:1)
  8 goblins
  6 hobgoblins
  8 kobolds
  2 giant newts (D:1)
  10 jackals
  A jackal skeleton (D:4)
  12 rats
83 creatures vanquished.

Notes
Turn   | Place    | Note
--------------------------------------------------------------
     0 | D:1      | Proton the Vine Stalker Monk began the quest for the Orb.
     0 | D:1      | Reached XP level 1. HP: 11/11 MP: 2/2
   212 | D:1      | Reached XP level 2. HP: 16/16 MP: 3/3
   508 | D:1      | Reached XP level 3. HP: 20/20 MP: 4/4
  1265 | D:2      | Reached skill level 1 in Armour
  1265 | D:2      | Reached XP level 4. HP: 16/24 MP: 5/5
  1796 | D:3      | Noticed Natasha
  1806 | D:3      | Killed Natasha
  1987 | D:3      | Noticed Robin
  1996 | D:4      | Noticed Proton's ghost (amateur VSMo)
  1999 | D:4      | Reached skill level 5 in Unarmed Combat
  1999 | D:4      | Reached XP level 5. HP: 18/28 MP: 6/6
  2122 | D:3      | Noticed Proton's ghost (amateur VSMo)
  2280 | D:4      | Noticed an ogre
  2293 | D:4      | Killed an ogre
  2293 | D:4      | Gained mutation: You heal very quickly. [Vine Stalker growth]
  2293 | D:4      | Reached XP level 6. HP: 32/32 MP: 7/7
  2509 | D:3      | Noticed Natasha
  2519 | D:3      | Killed Natasha
  2524 | D:3      | Noticed Natasha
  2529 | D:3      | Killed Natasha
  2604 | D:3      | Killed Robin
  2604 | D:3      | Slain by a goblin

Vault maps used:
D:1:      matt_arrival_los_fun
D:3:      uniq_natasha, uniq_robin
D:4:      elyvilon_altar_3, first_bread, serial_shops, shop

Action                   |  1- 3 |  4- 6 || total
-------------------------+-------+-------++-------
Melee: Unarmed           |   120 |   135 ||   255
 Stab: Sleeping          |       |     3 ||     3
       Distracted        |       |     1 ||     1
  Eat: Beef jerky        |     1 |       ||     1
       Bread ration      |       |     1 ||     1
       Fruit             |       |     1 ||     1
